 Dungeon Crawl Stone Soup version 0.29.1-1-gd02db6906a (webtiles) character file.

Game seed: 11614421318249727153

283 safid the Shooter (level 6, -7/51 HPs)
             Began as a Minotaur Hunter on Oct 18, 2022.
             Mangled by a gnoll
             ... wielding a +0 flail
              (9 damage)
             ... on level 2 of the Dungeon.
             The game lasted 00:02:03 (1471 turns).

safid the Shooter (Minotaur Hunter)                 Turns: 1471, Time: 00:02:04

Health: -7/51      AC:  5    Str: 15    XL:     6   Next: 7%
Magic:  5/5        EV: 11    Int:  6    God:
Gold:   109        SH:  0    Dex: 16    Spells: 5/5 levels left

rFire   . . .      SeeInvis .   a - +0 shortbow
rCold   . . .      Faith    .   (shield currently unavailable)
rNeg    . . .      Spirit   .   p - +0 ring mail
rPois   .          Reflect  .   (helmet restricted)
rElec   .          Harm     .   (no cloak)
rCorr   .          Rampage  .   (no gloves)
Will    .....                   (no boots)
Stlth   +.........              (no amulet)
HPRegen 0.17/turn               m - ring of flight
MPRegen 0.09/turn               (no ring)

@: flying
A: horns 2, retaliatory headbutt
a: no special abilities


You were on level 2 of the Dungeon.
You visited 1 branch of the dungeon, and saw 2 of its levels.

You collected 109 gold pieces.

Inventory:

Hand Weapons
 a - a +0 shortbow (weapon)
Missiles
 e - 2 throwing nets
Armour
 p - a +0 ring mail (worn)
Jewellery
 m - a ring of flight (left hand)
Scrolls
 b - a scroll of immolation
 d - 3 scrolls of vulnerability {unknown}
 g - 3 scrolls of identify {unknown}
 i - a scroll of poison {unknown}
 k - a scroll of enchant armour {unknown}
 o - a scroll of butterflies {unknown}
Potions
 f - a potion of cancellation {unknown}
 h - 2 potions of flight {unknown}
 j - 2 potions of might {unknown}
 l - a potion of magic {unknown}
 n - a potion of attraction {unknown}


   Skills:
 - Level 3.3 Fighting
 + Level 7.1 Ranged Weapons
 - Level 3.1 Dodging
 - Level 1.8 Stealth


You had 5 spell levels left.
You didn't know any spells.
Your spell library contained the following spells:

 Spells                   Type           Power      Damage    Failure   Level
 Slow                     Hex            0%         N/A       69%         1
 Chain Lightning          Conj/Air       0%         N/A       100%        9
 Fire Storm               Conj/Fire      0%         5d1       100%        9
 Shatter                  Erth           0%         3d5*      100%        9


Dungeon Overview and Level Annotations

Branches:
Dungeon (2/15)

Altars:

Shops:
D:1 *


Innate Abilities, Weirdness & Mutations

You have a pair of horns on your head.
You reflexively headbutt those who attack you in melee.


Message History

You shoot an arrow. The arrow hits the gnoll.
You kill the gnoll!
You have reached level 6!
You shoot an arrow. The arrow hits the goblin.
You kill the goblin!
Unknown command.
You shoot an arrow. The arrow hits the gnoll.
The gnoll is moderately wounded.
The gnoll hits you with a +0 club. x2; The gnoll hits you with a +0 flail!
Unknown command.
You are too injured to fight recklessly!
You are too injured to fight recklessly!
Unknown command.
You are too injured to fight recklessly!
You are too injured to fight recklessly!
Fire: a) +0 shortbow
Press: ? - help, Q - select action, (/) - cycle Shift-Dir - straight line, f/p - gnoll
Aim: a gnoll, wielding a +0 club and quivering 2 throwing nets (moderately wounded, 68% to hit)
You shoot an arrow. The arrow hits the gnoll!
You kill the gnoll!
The gnoll hits you with a +0 flail.
* * * LOW HITPOINT WARNING * * *
Fire: a) +0 shortbow
Press: ? - help, Q - select action, (/) - cycle Shift-Dir - straight line, f - gnoll
Aim: a gnoll, wielding a +0 flail (68% to hit)
You shoot an arrow. The arrow closely misses the gnoll.
The gnoll hits you with a +0 flail!
* * * LOW HITPOINT WARNING * * *
Fire: a) +0 shortbow
Press: ? - help, Q - select action, (/) - cycle Shift-Dir - straight line, f/p - gnoll
Aim: a gnoll, wielding a +0 flail (68% to hit)
You shoot an arrow.
The arrow hits the gnoll but does no damage.
The gnoll hits you but does no damage.
Fire: a) +0 shortbow
Press: ? - help, Q - select action, (/) - cycle Shift-Dir - straight line, f/p - gnoll
Aim: a gnoll, wielding a +0 flail (68% to hit)
You shoot an arrow. The arrow barely misses the gnoll.
The gnoll barely misses you. The gnoll hits you with a +0 flail!
You die...

.#.#.. .. .. ...... ..
.. .#.#.. #. .# ## #.###
.. .# ..# .#.#..
.##.##.. (.>... )..†.
...... #g.# ...... # #@#
##... ##.#)##
########...
###.....#####..........
......##>......#........
.........#####....######
....#.......[....## #
.................#######
....#...................
... #####...............


You could see a gnoll.

Vanquished Creatures
  Sigmund (D:2)
  Jessica (D:2)
  3 gnolls (D:2)
  An adder (D:2)
  8 endoplasms
  4 goblins
  4 hobgoblins (D:1)
  3 jackals (D:1)
  8 ball pythons
  9 bats
  2 frilled lizards (D:1)
  A kobold (D:1)
  8 rats
53 creatures vanquished.

Notes
Turn   | Place    | Note
-------+----------+-------------------------------------------
     0 | D:1      | safid the Minotaur Hunter began the quest for the Orb.
     0 | D:1      | Reached XP level 1. HP: 18/18 MP: 0/0
     5 | D:1      | Noticed a seven-headed hydra
     8 | D:1      | Noticed a black mamba
    55 | D:1      | Reached skill level 1 in Stealth
    77 | D:1      | Found Ytory's Assorted Antiques.
    91 | D:1      | Reached XP level 2. HP: 25/25 MP: 1/1
   169 | D:1      | Found a faded altar of an unknown god.
   177 | D:1      | Got Plato's Meditations on Jinxing
   790 | D:1      | Reached XP level 3. HP: 31/31 MP: 2/2
  1000 | D:2      | Noticed Jessica
  1005 | D:2      | Killed Jessica
  1006 | D:2      | Reached XP level 4. HP: 38/38 MP: 3/3
  1015 | D:2      | Reached skill level 5 in Ranged Weapons
  1016 | D:2      | Noticed Sigmund
  1256 | D:2      | Killed Sigmund
  1257 | D:2      | Reached skill level 6 in Ranged Weapons
  1257 | D:2      | Reached XP level 5. HP: 28/45 MP: 4/4
  1464 | D:2      | Reached skill level 7 in Ranged Weapons
  1466 | D:2      | Reached XP level 6. HP: 34/51 MP: 5/5
  1469 | D:2      | HP: 2/51 [gnoll/+0 flail (11)]
  1471 | D:2      | Mangled by a gnoll

Illustrated notes

Levels and vault maps discovered:
D:1:      sevenhm_arrival_forest_fort_small_2, layout_basic,
          shapermc_ecumenical_altar_rom_forum, serial_shops, shop,
          chequers_garden, nicolae_eternal_life, minmay_unequal
D:2:      layout_rooms, basic_altar, minmay_misc_feat_hallway, uniq_jessica,
          uniq_crazy_yiuf_cottage, uniq_sigmund

Skill      XL: |  1  2  3  4  5 |
---------------+----------------+-----
Stealth        | 1 |  1.8
Fighting       | 3 |  3.3
Dodging        | 3 |  3.1
Ranged Weapons | 6 7 |  7.1

Action                   |  1- 3 |  4- 6 || total
-------------------------+-------+-------++-------
 Fire: Shortbow          |    98 |    36 ||   134
Armor: Leather armour    |    27 |       ||    27
       Ring mail         |       |     1 ||     1
Dodge: Dodged            |    26 |     4 ||    30
